 Dungeon Crawl Stone Soup version 0.28-a0-199-g298df9dbad (webtiles) character file.

Game seed: 12757853995795239732

20901 Whiskey the Blocker (level 13, -4/107 HPs)
             Began as a Formicid Fighter on Aug 19, 2021.
             Was a High Priest of Okawaru.
             Slain by a meliai (7 damage)
             ... on level 3 of the Lair of Beasts on Aug 20, 2021.
             The game lasted 00:44:36 (17061 turns).

Whiskey the Blocker (Formicid Fighter)             Turns: 17061, Time: 00:44:36

Health: -4/107     AC: 15    Str: 25    XL:     13   Next: 15%
Magic:  13/13      EV: 14    Int:  9    God:    Okawaru [*****.]
Gold:   729        SH: 16    Dex: 10    Spells: 12/12 levels left

rFire   + . .      SeeInvis +   z - +2 war axe (venom)
rCold   + . .      Faith    .   c - +0 kite shield
rNeg    . . .      Spirit   .   b - +0 scale mail
rPois   .          Reflect  +   (helmet unavailable)
rElec   .          Harm     .   B - scarf {rC+ rF+}
rCorr   .          Rampage  +   (no gloves)
Will    +....                   S - +1 pair of boots {rampage}
Stlth   ..........              Y - amulet of reflection
HPRegen 0.27/turn               k - +4 ring of protection
MPRegen 0.13/turn               q - +4 ring of evasion

@: mighty
A: permanent stasis, dig shafts and tunnels, antennae 3, four strong arms
a: Dig, Shaft Self, Renounce Religion, Heroism, Finesse, Duel


You were on level 3 of the Lair of Beasts.
You worshipped Okawaru.
Okawaru was extremely pleased with you.
You visited 3 branches of the dungeon, and saw 14 of its levels.

You collected 729 gold pieces.

Inventory:

Hand Weapons
 z - a +2 war axe of venom (weapon)
   (You found it on level 5 of the Dungeon)
 P - a +1 great mace of protection
   (You found it on level 7 of the Dungeon)
 R - a +0 battleaxe
   (You took it off a wight on level 8 of the Dungeon)
Missiles
 F - 2 throwing nets {=f, !d}
 O - 4 boomerangs of dispersal (quivered) {=f}
Armour
 b - a +0 scale mail (worn)
 c - a +0 kite shield (worn)
 s - the +2 robe "Bebruh" {rPois}
   (You found it on level 1 of the Lair of Beasts)

   rPois:     It protects you from poison.
 B - a scarf of resistance (worn)
   (You found it on level 5 of the Dungeon)
 S - a +1 pair of boots of rampaging (worn)
   (Okawaru gifted it to you on level 3 of the Lair of Beasts)
Jewellery
 k - a +4 ring of protection (left hand)
   (You found it on level 2 of the Dungeon)
 p - a ring of protection from fire {rF+, !d}
   (You found it on level 4 of the Dungeon)
 q - a +4 ring of evasion (right hand)
   (You found it on level 4 of the Dungeon)
 t - a ring of poison resistance {rPois, !d}
   (You took it off an orc on level 4 of the Dungeon)
 x - an amulet of the acrobat
   (You found it on level 1 of the Lair of Beasts)
 Y - an amulet of reflection (around neck)
   (You found it on level 9 of the Dungeon)
Wands
 a - a wand of digging (7)
   (You found it on level 1 of the Lair of Beasts)
 r - a wand of flame (17)
   (You found it on level 1 of the Lair of Beasts)
 E - a wand of polymorph (6)
   (You found it on level 2 of the Lair of Beasts)
 N - a wand of mindburst (30)
   (You found it on level 6 of the Dungeon)
 Z - a wand of iceblast (7)
   (You found it on level 1 of the Lair of Beasts)
Scrolls
 j - a scroll of brand weapon {unknown}
 n - 5 scrolls of magic mapping {unknown}
 u - a scroll of fear {unknown}
 w - 2 scrolls of enchant weapon {unknown}
 y - 7 scrolls of identify {unknown}
 A - 2 scrolls of blinking {unknown}
 C - a scroll of enchant armour {unknown}
 G - a scroll of vulnerability {unknown}
 H - 2 scrolls of fog {unknown}
 I - 3 scrolls of amnesia {unknown}
 Q - a scroll of noise {unknown}
 W - 5 scrolls of teleportation {unknown}
Potions
 d - a potion of might
 e - 2 potions of curing {unknown}
 g - a potion of berserk rage {unknown}
 h - 2 potions of brilliance {unknown}
 i - a potion of resistance {unknown}
 l - 3 potions of invisibility {unknown}
 m - a potion of cancellation {unknown}
 o - a potion of flight {unknown}
 v - 3 potions of lignification {unknown}
 D - 3 potions of ambrosia {unknown}
 J - a potion of attraction {unknown}
 K - 2 potions of mutation {unknown}
 L - 2 potions of degeneration {unknown}
Miscellaneous
 M - a box of beasts
   (You found it on level 3 of the Lair of Beasts)


   Skills:
 + Level 11.8 Fighting
 + Level 10.7 Axes
 + Level 11.8 Armour
 + Level 1.4 Dodging
 + Level 12.7 Shields


You had 12 spell levels left.
You didn't know any spells.
Your spell library contained the following spells:

 Spells                   Type           Power      Damage    Failure   Level
 Corona                   Hex            0%         N/A       61%         1
 Ensorcelled Hibernation  Hex/Ice        0%         N/A       75%         2
 Sublimation of Blood     Necr           0%         N/A       75%         2
 Gell's Gravitas          Tloc           0%         N/A       93%         3
 Lesser Beckoning         Tloc           0%         N/A       93%         3
 Ozocubu's Armour         Ice            0%         N/A       93%         3
 Teleport Other           Tloc           0%         N/A       93%         3
 Fulminant Prism          Conj/Hex       0%         3d6       100%        4
 Iskenderun's Mystic Bla  Conj/Tloc      0%         2d3       100%        4
 Petrify                  Tmut/Erth      0%         N/A       100%        4
 Irradiate                Conj/Tmut      0%         3d13      100%        5
 Lee's Rapid Deconstruct  Erth           0%         3d5*      100%        5
 Metabolic Englaciation   Hex/Ice        0%         N/A       100%        5
 Tukima's Dance           Hex            Unusable   N/A       N/A         3
 Simulacrum               Ice/Necr       Unusable   N/A       N/A         6

Dungeon Overview and Level Annotations

Branches:
Dungeon (10/15)            Temple (1/1) D:5            Lair (3/6) D:8
 Shoals (0/4) Lair:2        Snake (0/4) Lair:3
    Orc: D:9-12

Altars:
Ashenzari
Cheibriados
Dithmenos
Elyvilon
Fedhas
Gozag
Hepliaklqana
Kikubaaqudgha
Makhleb
Nemelex Xobeh
Okawaru
Ru
Sif Muna
Trog
Uskayaw
Vehumet
Wu Jian
Xom
Yredelemnul
Zin
The Shining One

Shops:
D:1 *   D:6 [   D:8 !   D:10 !


Innate Abilities, Weirdness & Mutations

You cannot be hasted, slowed, berserked, paralysed or teleported.
You can dig through walls and to a lower floor.
You have a pair of large antennae on your head. (SInv)
Your four strong arms can wield two-handed weapons with a shield.


Message History

The killer bee stings you but does no damage.
The killer bee closely misses you.
A killer bee comes into view.
You closely miss the killer bee.
The killer bee buzzes angrily.
You hear an angry buzzing noise. x4
The killer bee misses you. You block the killer bee's attack.
You miss the killer bee.
A killer bee comes into view.
The killer bee stings you but does no damage.
You block the killer bee's attack.
A killer bee comes into view.
The killer bee moves out of view.
You miss the killer bee. You block the killer bee's attack.
The killer bee misses you.
You miss the killer bee. You block the killer bee's attack.
A killer bee comes into view.
The killer bee misses you.
The killer bee moves out of view.
You miss the killer bee. You block the killer bee's attack.
The killer bee closely misses you.
You closely miss the killer bee. The killer bee stings you.
The killer bee barely misses you.
You take 2 damage, and have 50/107 hp.
You barely miss the killer bee.
The killer bee stings you but does no damage. x2
You closely miss the killer bee.
The meliai calls down the wrath of its god upon you.
Something smites you!
A killer bee comes into view.
You block the killer bee's attack.
The killer bee moves out of view.
You hear an angry buzzing noise. x2
You take 11 damage, and have 39/107 hp.
You closely miss the killer bee.
You hear an angry hiss. x2
The killer bee misses you. You block the killer bee's attack.
You slash the killer bee!
The killer bee is poisoned.
You kill the killer bee!
Okawaru accepts your kill. The killer bee stings you.
You take 1 damage, and have 38/107 hp.
You barely miss the killer bee. You block the killer bee's attack. x2
You miss the killer bee.
The killer bee stings you but does no damage.
A killer bee comes into view.
The killer bee barely misses you.
You barely miss the killer bee.
The killer bee buzzes angrily.
You hear an angry buzzing noise. x2
You hear a loud, deep croak!
You hear an angry buzzing noise.
You block the killer bee's attack.
You slash the killer bee! You block the killer bee's attack.
The meliai invokes the aid of its god against you.
Something smites you!
* * * LOW HITPOINT WARNING * * *
The killer bee closely misses you.
You take 12 damage, and have 26/107 hp.
You slash the killer bee!
You kill the killer bee!
Okawaru accepts your kill. The meliai hits you but does no damage.
You block the meliai's attack.
A blink frog comes into view.
You feel very mighty all of a sudden. The meliai barely misses you.
The meliai stings you but does no damage.
You block the meliai's attack. The meliai completely misses you.
You closely miss the meliai. The meliai hits you with a +0 hand axe.
* * * LOW HITPOINT WARNING * * *
You block the meliai's attack. The meliai hits you but does no damage.
You block the meliai's attack.
A rime drake comes into view.
You take 5 damage, and have 21/107 hp.
You closely miss the meliai. You block the meliai's attack.
The meliai barely misses you. The meliai closely misses you.
The meliai stings you.
* * * LOW HITPOINT WARNING * * *
The blink frog blinks!
You take 4 damage, and have 17/107 hp.
You feel much better.
The meliai mumbles some strange prayers to its god against you.
Something smites you!
* * * LOW HITPOINT WARNING * * *
You block the meliai's attack. x2
You hear an angry buzzing noise.
You regained 6 hp, and now have 23/107 hp.
The meliai hits you with a +0 hand axe!
* * * LOW HITPOINT WARNING * * *
The meliai closely misses you.
You take 9 damage, and have 14/107 hp.
You block the meliai's attack. x2; You block the killer bee's attack.
You block the killer bee's attack.
Things that are here:
a killer bee corpse; a water moccasin corpse You block the meliai's attack.
The meliai barely misses you.
Are you sure you want to shaft yourself?
The meliai mumbles some strange prayers to its god against you.
Something smites you!
* * * LOW HITPOINT WARNING * * *
The yak snorts and paws the ground.
The meliai barely misses you. You block the meliai's attack.
You begin to dig a shaft.
You continue digging a shaft.
The meliai hits you with a +0 hand axe!
You die...

{{... { .k {{#####
{ { #k...##
##Y....## {
#.y.#...#
#####yy...##
##...#yy..## .
##....@##### ..
#.......#
...#####.....## #
............## ...
###....†#######.#.
..................
....###..#........
##P.#####...##.#..
..........###.# .
.


You could see a yak, a rime drake, a meliai and 4 killer bees.

Vanquished Creatures
  A hydra (Lair:1)
  2 two-headed ogres
  4 death yaks (Lair:2)
  2 oklob plants (Lair:1)
  2 black mambas
  A rime drake (Lair:3)
  8 cane toads
  8 komodo dragons
  A troll (D:8)
  A meliai (Lair:3)
  Grinder (D:6)
  A snapping turtle (Lair:2)
  2 wyverns
  Eustachio (D:6)
  24 yaks
  3 basilisks
  A steam dragon (D:7)
  3 nagas (Lair:3)
  Edmund (D:6)
  10 water moccasins
  3 orc warriors
  A sky beast (D:6)
  2 ogres
  A necrophage (D:5)
  6 centaurs
  3 kobold brigands
  8 bullfrogs
  Blork the orc (D:6)
  2 scorpions
  A wyvern zombie (D:8)
  A water moccasin skeleton (D:4)
  13 killer bees
  6 wights
  4 electric eels
  2 centaur zombies
  3 hounds
  4 orc priests
  2 gnoll shamans
  A jelly (D:8)
  A centaur skeleton (D:4)
  An iguana (D:5)
  4 orc wizards
  Robin (D:3)
  11 gnolls
  5 adders
  4 worms
  A dart slug (D:5)
  25 orcs
  5 endoplasms
  3 giant cockroaches
  15 goblins
  9 hobgoblins
  3 jackals (D:5)
  11 kobolds
  2 quokkas
  5 ball pythons
  2 bats
  A frilled lizard (D:1)
  10 rats
260 creatures vanquished.

Vanquished Creatures (others)
  7 fungi (Lair:2)
  13 plants
20 creatures vanquished.

Grand Total: 280 creatures vanquished

Notes
Turn   | Place    | Note
-------+----------+-------------------------------------------
     0 | D:1      | Whiskey the Formicid Fighter began the quest for the Orb.
     0 | D:1      | Reached XP level 1. HP: 18/18 MP: 1/1
    55 | D:1      | Reached XP level 2. HP: 17/24 MP: 2/2
   538 | D:1      | Found Tomnuf's General Store.
   589 | D:1      | Found a faded altar of an unknown god.
  1012 | D:2      | Reached XP level 3. HP: 29/29 MP: 3/3
  1018 | D:2      | Reached skill level 4 in Shields
  1573 | D:3      | Noticed Robin
  1766 | D:2      | Reached XP level 4. HP: 34/37 MP: 4/4
  1799 | D:3      | Killed Robin
  2196 | D:3      | Found a glowing silver altar of Zin.
  2196 | D:3      | Found a shadowy altar of Dithmenos.
  2204 | D:3      | Reached skill level 4 in Fighting
  2204 | D:3      | Reached skill level 4 in Armour
  2267 | D:3      | Found a bloodstained altar of Trog.
  2267 | D:3      | Found a snail-covered altar of Cheibriados.
  2506 | D:4      | Noticed an ogre
  2517 | D:4      | Reached XP level 5. HP: 36/42 MP: 5/5
  2524 | D:4      | Reached skill level 3 in Axes
  2525 | D:4      | HP: 10/42 [orc priest/divine providence (10)]
  2530 | D:4      | HP: 10/42 [gnoll (1)]
  3091 | D:4      | Found a hazy altar of Hepliaklqana.
  3091 | D:4      | Noticed a kobold brigand
  3130 | D:4      | Killed a kobold brigand
  3131 | D:4      | Reached skill level 5 in Shields
  3131 | D:4      | Reached XP level 6. HP: 32/44 MP: 6/6
  3226 | D:4      | Found a faded altar of an unknown god.
  3449 | D:4      | Found a glowing golden altar of the Shining One.
  3565 | D:4      | Reached skill level 5 in Fighting
  3565 | D:4      | Reached skill level 5 in Armour
  3565 | D:4      | Reached XP level 7. HP: 28/56 MP: 7/7
  3813 | D:4      | Reached skill level 4 in Axes
  3922 | D:5      | Entered Level 5 of the Dungeon
  4414 | D:5      | Found a staircase to the Ecumenical Temple.
  4420 | Temple   | Entered the Ecumenical Temple
  4863 | D:4      | Reached skill level 6 in Shields
  5025 | D:5      | Reached XP level 8. HP: 54/63 MP: 8/8
  5569 | D:5      | Found a radiant altar of Vehumet.
  5574 | D:5      | Found a blossoming altar of Fedhas.
  5961 | D:6      | Reached skill level 6 in Fighting
  5961 | D:6      | Reached skill level 6 in Armour
  5970 | D:6      | Reached skill level 5 in Axes
  6296 | D:6      | Noticed Eustachio
  6313 | D:6      | Killed Eustachio
  6383 | D:6      | Noticed Grinder
  6410 | D:6      | Killed Grinder
  6411 | D:6      | Reached skill level 7 in Shields
  6411 | D:6      | Reached XP level 9. HP: 58/71 MP: 9/9
  6664 | D:6      | Reached skill level 7 in Fighting
  6670 | D:6      | Reached skill level 6 in Axes
  6670 | D:6      | Reached skill level 7 in Armour
  6744 | D:6      | Noticed Edmund
  6754 | D:6      | Killed Edmund
  7082 | D:6      | Found Vuby's Armour Shoppe.
  7330 | D:6      | Noticed Blork the orc
  7348 | D:6      | Killed Blork the orc
  7349 | D:6      | Reached skill level 8 in Shields
  7675 | D:7      | Found an ancient bone altar of Kikubaaqudgha.
  7984 | D:8      | Reached XP level 10. HP: 75/80 MP: 10/10
  7994 | D:8      | Reached skill level 8 in Fighting
  8130 | D:8      | Reached skill level 8 in Armour
  8138 | D:8      | HP: 18/74 [wight (4)]
  8139 | D:8      | Reached skill level 7 in Axes
  8145 | D:8      | Found a staircase to the Lair.
  8511 | D:7      | Reached skill level 9 in Shields
  9223 | D:8      | Noticed a two-headed ogre
  9236 | D:8      | Killed a two-headed ogre
  9237 | D:8      | Reached skill level 9 in Fighting
  9237 | D:8      | Reached skill level 9 in Armour
  9484 | D:8      | Found Qodghuhai's Distillery.
 10267 | D:9      | Reached skill level 8 in Axes
 10269 | D:9      | Reached skill level 10 in Shields
 10271 | D:9      | Reached XP level 11. HP: 51/89 MP: 11/11
 10682 | D:9      | Noticed a two-headed ogre
 10706 | D:9      | Killed a two-headed ogre
 11298 | D:10     | Entered Level 10 of the Dungeon
 11314 | D:10     | Found Inaugur's Distillery.
 11445 | Temple   | Became a worshipper of Warmaster Okawaru
 11516 | Lair:1   | Entered Level 1 of the Lair of Beasts
 11727 | Lair:1   | Identified the +2 robe "Bebruh" {rPois}
 11731 | Lair:1   | Noticed a four-headed hydra
 11739 | Lair:1   | Killed a four-headed hydra
 11739 | Lair:1   | Reached * piety under Okawaru
 11910 | Lair:1   | Reached skill level 10 in Fighting
 11910 | Lair:1   | Reached skill level 10 in Armour
 12204 | Lair:1   | Reached skill level 9 in Axes
 12276 | Lair:1   | Found the +2 hat of the Bear Spirit {Spirit, +Rage rN+
                  | Will++}
 12276 | Lair:1   | Noticed an oklob plant
 12276 | Lair:1   | Noticed an oklob plant
 12722 | Lair:1   | Killed an oklob plant
 12722 | Lair:1   | Reached ** piety under Okawaru
 12723 | Lair:1   | Reached skill level 11 in Shields
 13154 | Lair:1   | Killed an oklob plant
 13861 | Lair:2   | Reached *** piety under Okawaru
 13870 | Lair:2   | Reached XP level 12. HP: 64/98 MP: 12/12
 13874 | Lair:2   | HP: 9/99 [cane toad (18)]
 13879 | Lair:2   | HP: 24/99 [poisoned by a cane toad]
 14611 | Lair:2   | Found a staircase to the Shoals.
 14628 | Lair:2   | Reached **** piety under Okawaru
 14912 | Lair:2   | Reached skill level 11 in Fighting
 15174 | Lair:2   | Reached skill level 11 in Armour
 15200 | Lair:2   | Reached skill level 10 in Axes
 15452 | Lair:2   | Reached skill level 12 in Shields
 15694 | Lair:2   | Noticed a death yak
 15697 | Lair:2   | Noticed a death yak
 15697 | Lair:2   | Noticed a death yak
 15697 | Lair:2   | Noticed a death yak
 15705 | Lair:2   | Killed a death yak
 15727 | Lair:2   | Killed a death yak
 15737 | Lair:2   | Reached ***** piety under Okawaru
 15746 | Lair:2   | HP: 19/100 [death yak (12)]
 15753 | Lair:2   | HP: 1/100 [death yak (20)]
 15758 | Lair:2   | Killed a death yak
 15762 | Lair:2   | Killed a death yak
 16341 | Lair:3   | Found a staircase to the Snake Pit.
 16398 | Lair:3   | Reached XP level 13. HP: 65/106 MP: 13/13
 16728 | Lair:3   | Received a gift from Okawaru
 16754 | Lair:3   | Reached skill level 1 in Dodging
 17050 | Lair:3   | HP: 26/107 [meliai/divine providence (13)]
 17055 | Lair:3   | HP: 23/107 [meliai/divine providence (9)]
 17060 | Lair:3   | HP: 2/107 [meliai/divine providence (13)]
 17061 | Lair:3   | Slain by a meliai

Illustrated notes

Levels and vault maps discovered:
D:1:      minmay_arrival_split_and_join, layout_loops_ring,
          basic_ecumenical_altar, serial_shops,
          nicolae_shop_temple_entry_statues_fountains, minmay_misc_feat_alley,
          minmay_door_square
D:2:      layout_basic, st_stairs_14, hangedman_decor_push,
          minmay_misc_feat_room
D:3:      layout_basic, grunt_temple_overflow_open, kennysheep_generic_room_15,
          uniq_robin
D:4:      layout_rooms, beargit_hepliaklqana_dungeon_heroes,
          mainiacjoe_overflow_surrounded_room, nrook_mini_vaults,
          minmay_pentomino_pile
D:5:      layout_basic, mainiacjoe_overflow_big_doors, minmay_temple_entry_hall,
          chequers_serial_rivers_micro_b
D:6:      minmay_general_purpose_star, layout_basic, nicolae_wooded_promenade,
          uniq_blork_the_orc, uniq_edmund, uniq_eustachio, uniq_grinder
D:7:      layout_rooms, kiku_gazebo_garden_becter
D:8:      layout_cave_pools, david_lair_generic, serial_shops, shop
D:9:      layout_small_grid
D:10:     layout_big_octagon, mainiacjoe_overflow_six_doors_small,
          kennysheep_nub, grunt_ogre_cave, nicolae_stop_n_shop_2
Temple:   nicolae_temple_x_marks_the_god
Lair:1:   layout_big_grid, chequers_serial_rivers_large_b, grunt_megastairs_1,
          minmay_lair_oklob_chamber
Lair:2:   wad_woods_structure_01, layout_cave_pods, minmay_shoals_entry_hut,
          beast_lair_carwin_10
Lair:3:   regret_index_combs_of_tragedy, layout_long_grid,
          guppyfry_snake_entry_island, grunt_megastairs_3, lemuel_fruit_tree

Skill      XL: |  1  2  3  4  5  6  7  8  9 10 11 12 13 |
---------------+----------------------------------------+-----
Shields        | 4 5 6 7 8 10 11 12 | 12.7
Fighting       | 4 5 6 7 9 10 11 | 11.8
Armour         | 4 5 6 7 9 10 11 | 11.8
Axes           | 3 4 5 6 8 9 10 | 10.7
Dodging        | 1 |  1.4

Action                   |  1- 3 |  4- 6 |  7- 9 | 10-12 | 13-15 || total
-------------------------+-------+-------+-------+-------+-------++-------
Melee: War axe           |    93 |   112 |   279 |   457 |    75 ||  1016
       Great mace        |       |       |       |     3 |       ||     3
 Abil: Dig               |       |       |       |     2 |       ||     2
       Shaft Self        |       |       |       |       |     1 ||     1
Evoke: Wand              |       |       |       |    10 |       ||    10
  Use: Potion            |       |       |     1 |     4 |     2 ||     7
Armor: Scale mail        |    45 |    56 |    86 |    94 |    19 ||   300
Dodge: Dodged            |    34 |    34 |   150 |   193 |    31 ||   442
Block: Kite shield       |    49 |    66 |   148 |   277 |    73 ||   613
       Reflection        |       |       |       |    11 |       ||    11

Table legend: (Time is in decaauts)
 A = Elapsed time spent in this place.
 B = Non-inter-level travel time spent in this place.
 C = Inter-level travel time spent in this place.
 D = Time resting spent in this place.
 E = Time spent auto-exploring this place.
 F = Levels seen in this place.
 G = Mean time per level.
                   A        B        C        D        E       F      G
               +--------+--------+--------+--------+--------+-----+--------+
         Total |  17353 |  16413 |    940 |   4757 |   9172 |  14 | 1239.5 |
       Dungeon |  11680 |  10929 |    751 |   2466 |   6626 |  10 | 1168.0 |
        Temple |     76 |     68 |      8 |      0 |     51 |   1 |   76.0 |
          Lair |   5596 |   5416 |    180 |   2291 |   2495 |   3 | 1865.3 |
               +--------+--------+--------+--------+--------+-----+--------+

Top non-repeatable levels by time:
  Lair:2: 2732 daAuts
  Lair:1: 2123 daAuts
     D:6: 1779 daAuts
     D:4: 1640 daAuts
     D:5: 1589 daAuts
     D:7: 1532 daAuts
     D:3: 1154 daAuts
     D:9: 1053 daAuts
     D:2: 1020 daAuts
     D:8: 1019 daAuts
     D:1: 843 daAuts
  Lair:3: 739 daAuts
  Temple: 76 daAuts
    D:10: 46 daAuts

Table legend:
 A = Kills in this place as a percentage of kills in entire the game.
 B = Kills by you in this place as a percentage of kills by you in the entire game.
 C = Kills by friends in this place as a percentage of kills by friends in the entire game.
 D = Other kills in this place as a percentage of other kills in the entire game.
 E = Experience gained in this place as a percentage of experience gained in the entire game.
 F = Experience gained in this place divided by the number of levels of this place that you have seen.
                   A       B       C       D       E      F
               +-------+-------+-------+-------+-------+----------------------
         Total | 100.0 | 100.0 |   N/A |   N/A | 100.0 | 2132.8
       Dungeon |  71.9 |  71.9 |   N/A |   N/A |  32.9 | 981.0
          Lair |  28.1 |  28.1 |   N/A |   N/A |  67.1 | 6683.0
               +-------+-------+-------+-------+-------+----------------------
